 Dungeon Crawl Stone Soup version 0.30.1-4-g462c640d31 (webtiles) character file.

Game seed: 18275417866322607221

47322 spardeous the Severer (level 14, -7/136 HPs)
             Began as a Minotaur Berserker on Aug 20, 2023.
             Was an Elder of Trog.
             Mangled by a skeletal warrior
             ... wielding a +1 war axe of flaming
              (16 damage)
             ... on level 15 of the Dungeon.
             The game lasted 00:32:32 (17622 turns).

spardeous the Severer (Minotaur Berserker)         Turns: 17622, Time: 00:32:33

Health: -7/136     AC: 18    Str: 33    XL:     14   Next: 8%
Magic:  0/22       EV: 12    Int:  4    God:    Trog [****..]
Gold:   795        SH:  0    Dex: 16    Spells: 13/13 levels left

rFire   . . .        W - +5 woodcutter's axe
rCold   . . .        (shield currently unavailable)
rNeg    . . .        y - +3 plate armour
rPois   .            (helmet restricted)
rElec   .            X - scarf {repulsion}
rCorr   .            Z - +0 pair of gloves
SInv    .            (no boots)
Will    ++++.        S - amulet of guardian spirit Stlth
                     g - +4 ring of slaying
HPRegen 0.42/turn    T - ring "Amotasa" {*Corrode Will+++ MP+9 Str+6 Dex+6}
MPRegen 0.18/turn

%: corrode self (3%), repel missiles, guardian spirit
@: about to teleport, on berserk cooldown, slowed, very slow
A: horns 2, retaliatory headbutt
a: Renounce Religion, Berserk, Trog's Hand, Brothers in Arms


You were on level 15 of the Dungeon.
You worshipped Trog.
Trog was greatly pleased with you.
You visited 1 branch of the dungeon, and saw 15 of its levels.
You visited the Abyss 1 time.
You also visited: Sewer.

You collected 1957 gold pieces.
You spent 1162 gold pieces at shops.

Inventory:

Hand Weapons
 W - the +5 woodcutter's axe (weapon)
   (You found it on level 10 of the Dungeon)
Missiles
 N - 22 poisoned darts (quivered)
 Y - 2 curare-tipped darts
Armour
 y - a +3 plate armour (worn)
 D - a +3 ring mail of poison resistance
 G - a +0 buckler
 X - a scarf of repulsion (worn)
 Z - a +0 pair of gloves (worn)
Jewellery
 f - a ring of see invisible
 g - a +4 ring of slaying (left hand)
 S - an amulet of guardian spirit (around neck)
 T - the ring "Amotasa" (right hand) {*Corrode Will+++ MP+9 Str+6 Dex+6}
   (You bought it in a shop on level 4 of the Dungeon)

   [ring of dexterity]

   Str:       It affects your strength (+6).
   Dex:       It affects your dexterity (+6).
   MP:        It affects your magic capacity (+9).
   *Corrode:  It may corrode you when you take damage.
   Will:      It greatly increases your willpower.
 V - a +6 ring of strength
Wands
 a - a wand of mindburst (7)
 b - a wand of iceblast (23)
 C - a wand of polymorph (3)
 F - a wand of digging (4)
 H - a wand of flame (24)
 K - a wand of light (9)
 M - a wand of charming (4)
Scrolls
 c - 4 scrolls of blinking {unknown}
 d - 4 scrolls of amnesia {unknown}
 i - 2 scrolls of silence
 j - 2 scrolls of noise {unknown}
 k - 3 scrolls of teleportation
 l - 2 scrolls of brand weapon
 n - 3 scrolls of torment {unknown}
 r - a scroll of vulnerability
 s - 2 scrolls of magic mapping
 t - 2 scrolls of enchant armour
 x - 7 scrolls of immolation
 B - 2 scrolls of summoning
 I - 7 scrolls of poison
 J - 6 scrolls of fog {unknown}
 P - a scroll of fear
 Q - 3 scrolls of enchant weapon {unknown}
Potions
 e - 9 potions of heal wounds {unknown}
 h - a potion of haste
 m - 11 potions of curing
 o - 3 potions of invisibility
 p - 3 potions of attraction
 q - 2 potions of berserk rage {unknown}
 u - 2 potions of resistance
 v - 4 potions of degeneration {unknown}
 w - 2 potions of might {unknown}
 z - 4 potions of lignification {unknown}
 E - 4 potions of mutation {unknown}
 L - 2 potions of flight
 O - a potion of cancellation
 R - 2 potions of magic {unknown}
 U - 3 potions of ambrosia {unknown}
Miscellaneous
 A - a box of beasts


   Skills:
 - Level 15.7 Fighting
 + Level 20.4 Axes
 - Level 10.0 Armour
 - Level 7.9 Dodging
 - Level 5.3 Evocations


You had 13 spell levels left.
You didn't know any spells.
Your spell library was empty.

Dungeon Overview and Level Annotations

Branches:
Dungeon (15/15)            Temple (0/1) D:6            Lair (0/5) D:10
    Orc (0/2) D:12         Vaults (0/5) D:13         Depths (0/4) D:15
  Sewer (visited)

Altars:
Cheibriados
Fedhas
Okawaru
Ru
Uskayaw
Yredelemnul

Shops:
D:4 =   D:9 [

Portals:
Trove: D:15 (lose all piety)


Innate Abilities, Weirdness & Mutations

You have a pair of horns on your head.
You reflexively headbutt those who attack you in melee.


Message History

You are exhausted.
You feel yourself slow down.
The skeletal warrior hits you with a +0 battleaxe!
* * * LOW HITPOINT WARNING * * *
You now have 55/136 hp.
You hit the skeletal warrior. You headbutt the skeletal warrior!
You destroy the skeletal warrior!
Trog accepts your kill.
You barely miss the skeletal warrior.
The skeletal warrior throws a stone.
The stone closely misses you.
The skeletal warrior hits you with a +1 war axe of flaming.
* * * LOW HITPOINT WARNING * * *
The skeletal warrior burns you.
* * * LOW HITPOINT WARNING * * *
You take 3 damage, and have 53/136 hp.
Unknown command.
The skeletal warrior attacks as you move away!
The skeletal warrior barely misses you.
Your ogre goes berserk!
The skeletal warrior hits you with a +1 war axe of flaming!!
* * * LOW HITPOINT WARNING * * *
The skeletal warrior burns you!
* * * LOW HITPOINT WARNING * * *
The skeletal warrior hits you with a +0 hand axe!
* * * LOW HITPOINT WARNING * * *
You take 31 damage, and have 23/136 hp.
MASSIVE DAMAGE!!
You now have 4/22 mp.
Okay, then.
As you read the scroll of teleportation, it crumbles to dust.
You feel strangely unstable.
Your ogre barely misses the skeletal warrior.
The skeletal warrior closely misses you.
The skeletal warrior hits you with a +1 war axe of flaming!
* * * LOW HITPOINT WARNING * * *
The skeletal warrior burns you.
* * * LOW HITPOINT WARNING * * *
The skeletal warrior hits you with a +2 heavy scimitar.
* * * LOW HITPOINT WARNING * * *
The skeletal warrior closely misses you.
The skeletal warrior hits you with a +1 war axe of flaming!
You die...

#≈≈≈≈≈## §§≈≈ # ###
#≈≈≈#### ##≈≈≈## ...
#≈##..#+ .R##≈### ....
##....## ...e ##.. .....
#.....## ##... ....#
##(...## ##....
....#..##'#..##.## #+.....
.....#...z####...# ##......
#....###.#@##..§..##.......
#........zz# #...##........
......))O.#####.##.........
####..........###..........
#..#.......##...##...###
##....)..........<...###
######..##..............#
###.....#########.........#
........#8#8#8#8#...##.....


You could see 3 skeletal warriors and a friendly ogre (summoned, berserk).

Vanquished Creatures
  A stone giant (D:15)
  An ironbound preserver (D:13)
  A very ugly thing (D:10)
  The ghost of arthad the Cleaver, a journeyman MiBe of Trog (D:13)
  Fannar (D:12)
  A hydra (D:13)
  3 centaur warriors
  A two-headed ogre (D:13)
  A tengu warrior (D:13)
  3 skeletal warriors
  A deep elf zephyrmancer (D:15)
  3 wizards
  5 harpies (D:15)
  A deep elf pyromancer (D:13)
  A necromancer (D:15)
  18 ugly things
  4 manticores
  7 cyclopes
  A naga mage (D:15)
  A smoke demon (Abyss:2)
  2 gargoyles
  An unseen horror (D:11)
  A komodo dragon (D:9)
  A kobold demonologist (D:9)
  An efreet (Abyss:2)
  2 freezing wraiths
  4 yaktaurs (D:15)
  2 ancient zymes (Abyss:2)
  6 trolls
  A hornet (D:8)
  A meliai zombie (D:15)
  Sigmund (D:2)
  20 yaks
  A vampire (D:11)
  A ynoxinul (Abyss:2)
  An air elemental (D:15)
  4 slime creatures (D:13)
  3 basilisks
  2 wyverns
  2 shadows
  3 wraiths
  2 steam dragons
  13 vampire mosquitoes
  3 acid dragons
  A water moccasin (D:9)
  Duvessa (D:6)
  2 ice beasts
  3 sky beasts
  A black bear (D:7)
  13 orc warriors
  2 ogres
  16 centaurs
  A phantom (D:5)
  2 kobold brigands (D:8)
  3 gnoll sergeants
  3 bullfrogs
  5 scorpions
  14 wights
  2 small abominations (Abyss:2)
  Dowan (D:6)
  9 killer bees
  12 howler monkeys
  A gnoll bouda (D:5)
  A hound (D:5)
  3 jellies
  15 orc priests
  4 iguanas
  A sleepcap (D:5)
  19 orc wizards
  14 gnolls
  9 adders
  A river rat (D:4)
  2 shadow imps
  2 white imps
  An ufetubus (D:6)
  5 worms
  2 dart slugs
  51 orcs
  2 bats (D:2)
  9 endoplasms
  10 giant cockroaches
  9 goblins
  6 hobgoblins
  3 jackals (D:3)
  10 kobolds
  9 quokkas
  10 ball pythons
  5 frilled lizards
  5 rats
434 creatures vanquished.

Vanquished Creatures (collateral kills)
  2 centaur zombies (D:15)
  A redback zombie (D:15)
3 creatures vanquished.

Vanquished Creatures (others)
  A wizard (D:10)
1 creature vanquished.

Grand Total: 438 creatures vanquished

Notes
Turn   | Place    | Note
-------+----------+-------------------------------------------
     0 | D:1      | spardeous the Minotaur Berserker began the quest for the
                  | Orb.
     0 | D:1      | Reached XP level 1. HP: 19/19 MP: 0/0
   127 | D:1      | Reached skill level 4 in Axes
   182 | D:1      | Reached XP level 2. HP: 25/26 MP: 1/1
   536 | D:2      | Noticed Sigmund
   542 | D:2      | Killed Sigmund
   543 | D:2      | Reached skill level 7 in Axes
   543 | D:2      | Reached XP level 3. HP: 30/31 MP: 2/2
   543 | D:2      | Reached XP level 4. HP: 38/39 MP: 3/3
   543 | D:2      | Reached XP level 5. HP: 44/45 MP: 4/4
  1143 | D:3      | Reached ** piety under Trog
  1166 | D:3      | Found a basalt altar of Yredelemnul.
  1789 | D:4      | Reached skill level 8 in Axes
  1790 | D:4      | Reached XP level 6. HP: 34/51 MP: 5/5
  1885 | D:4      | Found a glowing drain.
  1908 | Sewer    | Entered a sewer
  2165 | Sewer    | Reached skill level 9 in Axes
  2626 | D:4      | Reached XP level 7. HP: 57/57 MP: 6/6
  2676 | D:4      | Reached *** piety under Trog
  2677 | D:4      | Reached skill level 10 in Axes
  2941 | D:4      | Found a hide-covered altar of Uskayaw.
  2950 | D:4      | Found a snail-covered altar of Cheibriados.
  3071 | D:4      | Found a sacrificial altar of Ru.
  3134 | D:4      | Found Orrorphoesi's Jewellery Shop.
  3370 | D:4      | Identified the +6 short sword "Beetle's Death" {heavy,
                  | Int+3}
  3625 | D:5      | Entered Level 5 of the Dungeon
  3638 | D:4      | Reached skill level 5 in Fighting
  3763 | D:5      | Reached XP level 8. HP: 65/71 MP: 7/7
  4664 | D:6      | Noticed Duvessa
  4669 | D:6      | Killed Duvessa
  4669 | D:6      | Noticed Dowan
  4673 | D:6      | Killed Dowan
  4892 | D:6      | Found a staircase to the Ecumenical Temple.
  4926 | D:6      | Reached XP level 9. HP: 85/85 MP: 8/8
  5042 | D:6      | Reached skill level 10 in Fighting
  5096 | D:6      | Reached **** piety under Trog
  5097 | D:6      | Reached skill level 5 in Armour
  6163 | D:7      | Noticed a cyan ugly thing
  6200 | D:7      | Killed a cyan ugly thing
  6241 | D:7      | Reached XP level 10. HP: 64/97 MP: 9/9
  6809 | D:8      | Paralysed by a hornet for 2 turns
  6854 | D:8      | Reached ***** piety under Trog
  7600 | D:8      | Reached skill level 10 in Armour
  8501 | D:9      | Reached skill level 11 in Axes
  8598 | D:9      | Received a gift from Trog
  8984 | D:9      | Found Bunnor's Specialty Armours.
  9279 | D:9      | Reached XP level 11. HP: 91/104 MP: 10/10
  9379 | D:10     | Entered Level 10 of the Dungeon
  9379 | D:10     | Found a staircase to the Lair.
  9452 | D:9      | Reached skill level 5 in Dodging
  9701 | D:10     | Found the +5 woodcutter's axe
 10063 | D:10     | Reached skill level 12 in Axes
 10142 | D:10     | Noticed a purple ugly thing
 10142 | D:10     | Noticed a green ugly thing
 10143 | D:10     | Noticed a purple ugly thing
 10144 | D:10     | Noticed a red ugly thing
 10144 | D:10     | Noticed a cyan ugly thing
 10144 | D:10     | Noticed a green ugly thing
 10153 | D:10     | Killed a green ugly thing
 10155 | D:10     | Killed a purple ugly thing
 10155 | D:10     | Killed a red ugly thing
 10158 | D:10     | Killed a green ugly thing
 10162 | D:10     | Killed a red ugly thing
 10162 | D:10     | Killed a cyan ugly thing
 10422 | D:10     | Noticed a wizard
 10453 | D:10     | Killed a wizard
 10543 | D:10     | Noticed a green very ugly thing
 10543 | D:10     | Noticed a wizard
 10555 | D:10     | Killed a green very ugly thing
 10559 | Abyss:2  | Cast into level 2 of the Abyss (a wizard)
 10596 | Abyss:2  | Reached skill level 15 in Fighting
 10652 | Abyss:2  | Reached skill level 13 in Axes
 10758 | D:10     | Escaped the Abyss
 10768 | D:10     | Killed a wizard
 11026 | D:11     | Reached XP level 12. HP: 121/121 MP: 11/11
 12045 | D:11     | Found a blossoming altar of Fedhas.
 12083 | D:11     | Reached skill level 1 in Evocations
 12632 | D:12     | Found a staircase to the Orcish Mines.
 12644 | D:12     | Identified a scroll of acquirement
 12653 | D:12     | Noticed Fannar
 12663 | D:12     | Killed Fannar
 12943 | D:12     | Acquired 1043 gold pieces
 13162 | D:4      | Bought the ring "Amotasa" {*Corrode Will+++ MP+9 Str+6
                  | Dex+6} for 1162 gold pieces
 13601 | D:12     | Received a gift from Trog
 13605 | D:12     | Reached skill level 5 in Evocations
 13767 | D:12     | Reached skill level 14 in Axes
 14063 | D:13     | Noticed a two-headed ogre
 14189 | D:13     | Killed a two-headed ogre
 14193 | D:13     | Reached skill level 15 in Axes
 14406 | D:13     | Noticed a six-headed hydra
 14422 | D:13     | Killed a 12-headed hydra
 14536 | D:13     | Noticed an ironbound preserver
 14700 | D:13     | Found a gate to the Vaults.
 14701 | D:13     | Noticed a tengu warrior
 14701 | D:13     | Noticed a centaur warrior
 14717 | D:13     | Killed a centaur warrior
 14718 | D:13     | Reached skill level 16 in Axes
 14718 | D:13     | Reached XP level 13. HP: 122/128 MP: 12/12
 15014 | D:13     | Killed an ironbound preserver
 15292 | D:13     | Found a runed translucent gate.
 15292 | D:13     | Found a runed translucent gate.
 15292 | D:13     | Found a runed translucent gate.
 15293 | D:13     | Noticed arthad's ghost (journeyman MiBe)
 15577 | D:13     | Reached skill level 17 in Axes
 15589 | D:13     | Killed arthad's ghost
 15937 | D:14     | Found an iron altar of Okawaru.
 16053 | D:14     | Identified the +0 ring mail of Juxa {Str+3}
 16093 | D:14     | Reached skill level 18 in Axes
 16771 | D:15     | Entered Level 15 of the Dungeon
 16804 | D:15     | Reached skill level 19 in Axes
 17031 | D:15     | Found a portal to a secret trove of treasure.
 17386 | D:15     | Reached skill level 20 in Axes
 17391 | D:15     | Reached XP level 14. HP: 109/136 MP: 13/13
 17392 | D:15     | Found a staircase to the Depths.
 17556 | D:15     | Noticed a stone giant
 17564 | D:15     | Killed a stone giant
 17622 | D:15     | Mangled by a skeletal warrior

Illustrated notes

Levels and vault maps discovered:
D:1:      scummos_arrival_forest, layout_rooms
D:2:      layout_loops_ring, uniq_sigmund
D:3:      layout_basic, general_overflow_altar
D:4:      minmay_razor_zed, layout_loops_ring, mainiacjoe_overflow_swirl,
          nicolae_ru_path_of_blood, serial_shops, nicolae_shop_back_alley_shop,
          portal_sewer_entry_b
D:5:      nicolae_BIG_FREAKIN_CUBE, layout_cave_pools
D:6:      layout_loops_cross, temple_fountains, uniq_duvessa
D:7:      minmay_slanted_spiral_squares, layout_basic
D:8:      layout_basic, minmay_misc_feat_diagonals, minmay_starry_boxes
D:9:      layout_grid_maze, nicolae_barding_shop
D:10:     cheibrodos_breeding_chamber, layout_basic, dpeg_oklobed_lair
D:11:     layout_stronghold, grunt_ministairs_8, fedhas_altar_1
D:12:     layout_basic, minmay_orc_entry_temple_small, serial_corexii_hall,
          corexii_hall_statues_s, corexii_hall_statues_s, uniq_fannar
D:13:     layout_roguey, skrybe_vaults_entry_preservation,
          biasface_ghost_orc_armoury
D:14:     layout_rooms, nicolae_wwwww, okawaru_trees_2
D:15:     grunt_enter_depths_magical_seal, layout_rooms,
          nicolae_trove_entry_crossroad, minmay_misc_feat_hallway,
          dilly_guarded_unrand_elemental_staff

Skill      XL: |  1  2  3  4  5  6  7  8  9 10 11 12 13 |
---------------+----------------------------------------+-----
Axes           | 4 7 8 9 10 11 13 16 20 | 20.4
Fighting       | 6 9 12 13 15 | 15.7
Armour         | 4 8 10 | 10.0
Dodging        | 4 7 |  7.9
Evocations     | 5 |  5.3

Action                     |  1- 3 |  4- 6 |  7- 9 | 10-12 | 13-15 || total
---------------------------+-------+-------+-------+-------+-------++-------
  Melee: Hand axe          |    11 |       |       |   339 |    69 ||   419
         Morningstar       |    25 |   128 |   192 |   199 |       ||   544
         Headbutt          |     3 |    15 |    38 |   126 |    55 ||   237
         Punch             |       |     1 |     3 |     3 |       ||     7
         Battleaxe         |       |       |       |       |   116 ||   116
  Throw: Dart              |       |       |       |     6 |       ||     6
 Invoke: Berserk           |       |       |     4 |     8 |     6 ||    18
         Trog's Hand       |       |       |       |     3 |     1 ||     4
         Brothers in Arms  |       |       |       |       |     2 ||     2
    Use: Scroll            |       |       |       |    15 |     6 ||    21
         Potion            |       |       |       |     1 |     2 ||     3
 Armour: Chain mail        |     9 |    96 |       |       |       ||   105
         Animal skin       |     1 |       |       |       |       ||     1
         Ring mail         |       |     2 |    80 |   180 |     9 ||   271
         Plate armour      |       |       |       |       |    87 ||    87
  Dodge: Dodged            |    21 |    75 |   115 |   330 |   129 ||   670
         Repelled          |       |       |       |     1 |     4 ||     5
  Block: Buckler           |       |       |       |    32 |    12 ||    44
